 Dungeon Crawl Stone Soup version 0.28.0-62-gf88900778d (webtiles) character file.

Game seed: 1289246345526567021

42 cbfl8 the Skirmisher (level 3, -2/34 HPs)
             Began as a Minotaur Berserker on Apr 26, 2023.
             Was a Believer of Trog.
             Slain by an adder (3 damage)
             ... on level 2 of the Dungeon.
             The game lasted 00:01:43 (1838 turns).

cbfl8 the Skirmisher (Minotaur Berserker)           Turns: 1838, Time: 00:01:43

Health: -2/34      AC:  3    Str: 21    XL:     3   Next: 33%
Magic:  2/2        EV: 12    Int:  4    God:    Trog [**....]
Gold:   19         SH:  0    Dex: 11    Spells: 2/2 levels left

rFire   + . .      SeeInvis .   a - +0 hand axe
rCold   . . .      Faith    .   (no shield)
rNeg    . . .      Spirit   .   b - +0 animal skin
rPois   .          Reflect  .   (helmet restricted)
rElec   .          Harm     .   (no cloak)
rCorr   .          Rampage  .   h - +0 pair of gloves
Will    ++...                   (no boots)
Stlth   +.........              (no amulet)
HPRegen 1.11/turn               d - ring of protection from fire
MPRegen 0.08/turn               (no ring)

@: lethally poisoned (-2 -> -7), strong-willed (expiring), regenerating
(expiring)
A: horns 2, retaliatory headbutt
a: Renounce Religion, Berserk, Trog's Hand


You were on level 2 of the Dungeon.
You worshipped Trog.
Trog was pleased with you.
You visited 1 branch of the dungeon, and saw 2 of its levels.

You collected 19 gold pieces.

Inventory:

Hand Weapons
 a - a +0 hand axe (weapon)
Armour
 b - a +0 animal skin (worn)
 h - a +0 pair of gloves (worn)
Jewellery
 d - a ring of protection from fire (left hand)
Scrolls
 e - a scroll of immolation {unknown}
 f - a scroll of acquirement {unknown}
 g - 3 scrolls of identify {unknown}
Potions
 c - a potion of mutation {unknown}


   Skills:
 * Level 4.6 Fighting
 + Level 3.9 Axes
 + Level 2.6 Armour
 * Level 2.6 Dodging
 * Level 0.5 Evocations


You had 2 spell levels left.
You didn't know any spells.
Your spell library was empty.

Dungeon Overview and Level Annotations

Branches:
Dungeon (2/15)

Altars:


Innate Abilities, Weirdness & Mutations

You have a pair of horns on your head.
You reflexively headbutt those who attack you in melee.


Message History

You barely miss the adder. Your punch misses the adder.
The adder is moderately wounded.
You feel sick. The adder bites you.
You are more poisoned.
The adder poisons you!
An adder is nearby!
You hit the adder. Your headbutt misses the adder.
The adder is almost dead.
You feel sick. The adder closely misses you.
An adder is nearby!
You closely miss the adder. Your headbutt misses the adder.
The adder is almost dead.
You feel sick. The adder bites you.
You are more poisoned.
The adder poisons you! The adder bites you.
An adder is nearby!
You are too injured to fight recklessly!
An adder is nearby!
You are too injured to fight recklessly!
An adder is nearby!
Your skin crawls.
You feel strong-willed.
You feel sick. The adder bites you.
* * * LOW HITPOINT WARNING * * *
You are more poisoned.
The adder poisons you!
You barely miss the adder. Your headbutt misses the adder.
The adder is almost dead.
You feel very sick. The adder bites you but does no damage.
The adder bites you.
* * * LOW HITPOINT WARNING * * *
You are more poisoned.
The adder poisons you!
You barely miss the adder.
The adder is severely wounded.
You feel the effects of Trog's Hand fading.
* * * LOW HITPOINT WARNING * * *
You feel very sick. The adder bites you.
You die...

#.# #...†.#
#.# #.....#
#.#
#.....####
#.#
#......>..
#.#
#........#
#.#
#.......÷#
#.# ###
##+##....#
##.####...#
##...#
#....@S...#
##..#
##..###..##
#### #....
## #.####
#.. ###


You could see an adder.

Vanquished Creatures
  An adder (D:2)
  2 endoplasms (D:1)
  A giant cockroach (D:1)
  3 goblins
  3 hobgoblins (D:1)
  4 quokkas
  3 ball pythons (D:1)
  4 bats
  4 frilled lizards (D:1)
  2 kobolds
  5 rats
32 creatures vanquished.

Notes
Turn   | Place    | Note
-------+----------+-------------------------------------------
     0 | D:1      | cbfl8 the Minotaur Berserker began the quest for the Orb.
     0 | D:1      | Reached XP level 1. HP: 19/19 MP: 0/0
   461 | D:1      | Reached XP level 2. HP: 23/27 MP: 1/1
   590 | D:1      | Reached skill level 4 in Fighting
   874 | D:1      | Found a faded altar of an unknown god.
  1036 | D:1      | Reached ** piety under Trog
  1513 | D:2      | Reached XP level 3. HP: 34/34 MP: 2/2
  1838 | D:2      | HP: 1/34 [poisoned by an adder]
  1838 | D:2      | Slain by an adder

Illustrated notes

Levels and vault maps discovered:
D:1:      saegor_arrival_under_anarchy, layout_loops_corners,
          chequers_ecumenical_altar_island
D:2:      layout_basic, basic_altar, minmay_misc_feat_plants, hex_medium,
          dk_noncrumbling_4

Skill      XL: |  1  2 |
---------------+-------+-----
Fighting       | 4 |  4.6
Axes           | |  3.9
Armour         | |  2.6
Dodging        | |  2.6
Evocations     | |  0.5

Action                   || total
-------------------------++-------
Melee: Hand axe          ||    72
       Headbutt          ||     8
       Punch             ||     1
Invok: Trog's Hand       ||     1
Armor: Animal skin       ||    20
Dodge: Dodged            ||    44
